AoeStats
← bas.sil62930

Arabia

510316658Analyzed
1v1 RM · 3d ago on Sep 30, 2026· 41m 31s· 2 players
Game mode
Random Map
Map size
Tiny (2 player)
Population
200
Speed
Normal
Resources
Standard
Victory
Conquest
Starting age
Dark Age
Ending age
Imperial Age
RankedLock teamsTeams togetherTeam positionsShared explorationLock speedFull tech treeHidden civsTurbo modeCheats
Victory
Defeat
🇫🇷 Maya · France
487
+15
🇪🇸 Vietnamese · Spain
459
-15
SMOKER
5:27 Loom
11:23 Feudal Age
13:09 Double-Bit Axe
15:48 Man-at-Arms
17:44 Horse Collar
24:03 Wheelbarrow
29:26 Castle Age
27:36 Stone Mining
27:36 Gold Mining
28:50 Fletching
29:02 Padded Archer Armor
29:07 Scale Mail Armor
32:07 Heavy Plow
32:21 Bow Saw
33:52 Stone Shaft Mining
36:48 Hand Cart
36:55 Long Swordsman
bas.sil62930
12:00 Feudal Age
14:00 Double-Bit Axe
16:57 Fletching
17:08 Padded Archer Armor
18:12 Gold Mining
20:48 Loom
23:04 Castle Age
24:37 Crossbowman
25:27 Thumb Ring
28:38 Bow Saw
29:02 Elite Skirmisher
32:32 Bodkin Arrow
33:21 Horse Collar
40:26 Murder Holes
41:14 Hul'che Javelineers
42:21 Ballistics
Connection lost

Rejoining the realm…

Still unreachable

The connection could not be restored.

Session expired

The server has moved on; the page needs a fresh start.